 Dungeon Crawl Stone Soup version 0.24-a0-271-ga0fc33f724 (webtiles) character file.

Game seed: 12398288934719830111

7 Esekla the Skirmisher (level 2, -1/16 HPs)
             Began as a Vine Stalker Abyssal Knight on Apr 23, 2019.
             Was a Follower of Lugonu.
             Slain by a small abomination (12 damage)
             ... on level 2 of the Abyss.
             The game lasted 00:04:08 (224 turns).

Esekla the Skirmisher (Vine Stalker Abyssal Knight)  Turns: 224, Time: 00:04:09

Health: -1/16      AC:  3    Str: 14    XL:     2   Next: 4%
Magic:  0/4        EV: 11    Int: 12    God:    Lugonu [*.....]
Gold:   58         SH:  2    Dex: 13    Spells: 1/1 levels left

rFire    + . .     SeeInvis .   a - +1 falchion
rCold    . . .     Gourm    .   (no shield)
rNeg     . . .     Faith    .   b - +0 leather armour
rPois    +         Spirit   +   (no helmet)
rElec    .         Reflect  +   (no cloak)
rCorr    .         Harm     .   (no gloves)
MR       .....                  (no boots)
Stlth    +.........             g - +2 amulet of reflection
HPRegen  0.05/turn              d - ring of protection from fire
MPRegen  0.09/turn              e - ring of poison resistance

@: no status effects
A: fangs 2, magic shield, antimagic bite, no potion heal 3, rot immunity
a: Depart the Abyss, Renounce Religion


You were on level 2 of the Abyss.
You worshipped Lugonu.
Lugonu was aware of your devotion.
You were not hungry.

You visited 0 branches of the dungeon, and saw 0 of its levels.
You visited the Abyss 1 time.

You collected 58 gold pieces.

Inventory:

Hand Weapons
 a - a +1 falchion (weapon)
Armour
 b - a +0 leather armour (worn)
Jewellery
 d - a ring of protection from fire (left hand)
 e - a ring of poison resistance (right hand)
 g - a +2 amulet of reflection (around neck)
Scrolls
 f - a scroll of amnesia {unknown}
 h - a scroll of identify {unknown}
Comestibles
 c - a ration


   Skills:
 * Level 3.0 Fighting
 * Level 1.9 Long Blades
 + Level 1.6 Armour
 + Level 0.7 Dodging
 + Level 1.8 Invocations


You had one spell level left.
You didn't know any spells.
Your spell library was empty.

Dungeon Overview and Level Annotations

Branches:
Dungeon (0/15)

Altars:


Innate Abilities, Weirdness & Mutations

You have extremely sharp teeth.
When hurt, damage is shared between your health and your magic reserves.
Your bite disrupts and absorbs the magic of your enemies.
Potions cannot restore your health.
You are immune to rotting.


Message History

Your bite misses the white imp.
The white imp is severely wounded.
The white imp hits you. The white imp freezes you.
You hit the white imp.
You kill the white imp!
Your Fighting skill increases to level 3!
You have reached level 2!
g - a lumpy cabochon amulet
h - a scroll labeled ISCHOSKIRGH Put on which piece of jewellery? (? for menu, Esc to quit)
g - a +2 amulet of reflection (around neck)
A small abomination comes into view.
Found 45 gold pieces.
A small abomination comes into view.
You see here 45 gold pieces.
You now have 58 gold pieces (gained 45).
The small abomination barely misses you.
The small abomination hits you!
Ouch! That really hurt!
You die...

≈≈..##...#x.# #
#..#..
≈≈..#..##. .#
...#.. .#
♣....#.#.####
.. # .#.
...#....######
.. .###
.........#....#
. .. # .
...≈....#x# ..
# .#........# .
.. .. .#...x.#
. . ....####@.#
.. # ...
#....#...... .
.... ..
#.#.###.#... .
.. .# .# # . .
## #. # . #. #
# #.


You could see 2 small abominations.

Vanquished Creatures
  A white imp (Abyss:2)
1 creature vanquished.

Notes
Turn   | Place    | Note
-------+----------+-------------------------------------------
     0 | Abyss:1  | Esekla the Vine Stalker Abyssal Knight began the quest for
                  | the Orb.
     0 | Abyss:1  | Reached XP level 1. HP: 11/11 MP: 3/3
   122 | Abyss:1  | Found a corrupted altar of Lugonu.
   171 | Abyss:2  | Noticed a large abomination
   182 | Abyss:2  | Reached skill level 3 in Fighting
   182 | Abyss:2  | Reached XP level 2. HP: 9/16 MP: 1/4
   201 | Abyss:2  | Noticed a small abomination
   208 | Abyss:2  | Noticed a small abomination
   224 | Abyss:2  | Slain by a small abomination

Levels and vault maps discovered:
Abyss:1
Abyss:2

Skill      XL: |  1 |
---------------+----+-----
Fighting       | 3 |  3.0
Long Blades    | |  1.9
Armour         | |  1.6
Dodging        | |  0.7
Invocations    | |  1.8

Action                   || total
-------------------------++-------
Melee: Falchion          ||     3
       Bite              ||     2
Dodge: Dodged            ||     5
       Rpst.: Falchion   ||     1

Table legend:
 A = Non-vault XP
 B = Vault XP
 C = Vault XP percentage of total XP
 D = Non-vault monster count
 E = Vault monster count
 F = Vault count percentage of total count
                 A         B        C        D         E       F
            +---------+---------+-------+---------+---------+-------
      Total |      11 |       0 |   0.0 |       1 |       0 |   0.0
            +---------+---------+-------+---------+---------+-------
    Abyss:2 |      11 |       0 |   0.0 |       1 |       0 |   0.0
            +---------+---------+-------+---------+---------+-------
